 Dungeon Crawl Stone Soup version 0.27-a0-46-g34d46f0a3f (webtiles) character file.

Game seed: 11083588776590170043

1598 dickylongcocking the Tainter (level 9, -7/57 HPs)
             Began as a Formicid Venom Mage on Jan 7, 2021.
             Killed from afar by Dowan (24 damage)
             ... with a shard of ice
             ... on level 5 of the Dungeon.
             The game lasted 00:08:47 (9406 turns).

dickylongcocking the Tainter (Formicid Venom Mage)  Turns: 9406, Time: 00:08:48

Health: -7/57      AC:  8    Str: 12    XL:     9   Next: 15%
Magic:  17/21      EV: 11    Int: 17    God:
Gold:   298        SH:  4    Dex: 13    Spells: 2/12 levels left

rFire    . . .     SeeInvis +   i - +0 hand axe (freeze)
rCold    . . .     Faith    .   m - +0 buckler
rNeg     . . .     Spirit   .   c - +0 ring mail
rPois    .         Reflect  .   (helmet unavailable)
rElec    .         Harm     .   b - +1 cloak
rCorr    .         Rampage  .   (no gloves)
Will     .....                  (no boots)
Stlth    +.........             g - amulet of magic regeneration
HPRegen  0.19/turn              r - +4 ring of slaying
MPRegen  0.42/turn              k - ring of magical power

@: no status effects
A: permanent stasis, dig shafts and tunnels, four strong arms, antennae 3, agile
1, weak 1
a: Dig, Shaft Self


You were on level 5 of the Dungeon.
You visited 1 branch of the dungeon, and saw 5 of its levels.
You also visited: Ossuary.

You collected 298 gold pieces.

Inventory:

Hand Weapons
 f - a +0 short sword
 i - a +0 hand axe of freezing (weapon)
 l - a +1 dagger of venom
Armour
 a - a +0 robe
 b - a +1 cloak (worn)
 c - a +0 ring mail (worn)
 h - a +0 leather armour
 m - a +0 buckler (worn)
Jewellery
 g - an amulet of magic regeneration (around neck)
 j - a +6 ring of dexterity
 k - a ring of magical power (right hand)
 r - a +4 ring of slaying (left hand)
Wands
 e - a wand of polymorph (8)
 t - a wand of digging (1)
Scrolls
 d - 3 scrolls of teleportation
 n - 2 scrolls of remove curse
 o - a scroll of amnesia
 u - 2 scrolls of noise
 w - a scroll of fog
 x - a scroll of enchant weapon {unknown}
 y - a scroll of enchant armour
Potions
 p - a potion of flight
 q - a potion of heal wounds {unknown}
 s - a potion of haste


   Skills:
 * Level 5.2 Armour
 - Level 1.7 Dodging
 - Level 2.4 Stealth
 - Level 2.4 Shields
 - Level 2.1 Spellcasting
 * Level 6.1 Transmutations
 - Level 3.0 Fire Magic
 * Level 9.8 Poison Magic


You had 2 spell levels left.
You knew the following spells:

 Your Spells              Type           Power        Failure   Level
a - Sting                 Tmut/Pois      100%         1%          1
d - Olgreb's Toxic Radia  Pois           35%          7%          4
i - Ignite Poison         Fire/Tmut/Pois 23%          9%          3
p - Poisonous Vapours     Pois/Air       36%          8%          2

Your spell library contained the following spells:

 Spells                   Type           Power        Failure   Level
 Mephitic Cloud           Conj/Pois/Air  13%          30%         3


Dungeon Overview and Level Annotations

Branches:
Dungeon (5/15)            Ossuary (visited)
 Temple: D:4-7

Altars:
Trog
The Shining One

Annotations:
D:5 Dowan


Innate Abilities, Weirdness & Mutations

You cannot be hasted, slowed, berserked, paralysed or teleported.
You can dig through walls and to a lower floor.
Your four strong arms can wield two-handed weapons with a shield.
You have a pair of large antennae on your head. (SInv)
You are agile. (Dex +2)
You are weak. (Str -2)


Message History

Confirm with . or Enter, or press ? or * to list all spells.
Aiming: Sting (safe; 1% risk of failure)
Press: ? - help, Shift-Dir - straight line, f/p - Dowan
Aim: Dowan, wielding a +3 dagger of protection and wearing a +1 robe of cold resistance (almost dead, fast, 31% to evade)
The sting misses Dowan.
Dowan hits you but does no damage.
Unknown command.
Unknown command.
Unknown command.
Casting: Sting (safe; 1% risk of failure)
Confirm with . or Enter, or press ? or * to list all spells.
Aiming: Sting (safe; 1% risk of failure)
Press: ? - help, Shift-Dir - straight line, f/p - Dowan
Aim: Dowan, wielding a +3 dagger of protection and wearing a +1 robe of cold resistance (almost dead, fast, 31% to evade)
The sting hits Dowan but does no damage.
Dowan is poisoned.
Dowan is almost dead.
Dowan hits you but does no damage. Dowan gestures at you while chanting.
The shard of ice hits you!!
You die...

#### #._. #.).# # #...#∩
#...## ### #)..## #..
#...## #.# ##@..## #.#
##e..# #####.#####....##
######.....)<........#
........#...[........#
.#####.....[.........######
.# #..#......(..........##
.# #.....[.........####..#
.# #...............# ##.#


You could see Dowan (fast, poisoned).

Vanquished Creatures
  Sigmund (D:5)
  Duvessa (D:5)
  A sky beast (D:5)
  A centaur (D:3)
  2 elf zombies (Ossuary)
  A bullfrog (D:5)
  4 killer bees (D:5)
  2 centaur zombies (Ossuary)
  A human zombie (Ossuary)
  2 orc priests (D:4)
  A hound (D:4)
  An iguana (D:3)
  Terence (D:3)
  2 orc wizards
  8 worker ants
  2 hound zombies (Ossuary)
  3 mummies (Ossuary)
  Robin (D:2)
  6 adders
  A white imp (D:5)
  An ufetubus (D:5)
  3 adder zombies (Ossuary)
  3 worms
  2 dart slugs
  2 leopard geckos
  17 orcs
  3 giant cockroaches
  3 gnoll zombies (Ossuary)
  17 goblins
  9 hobgoblins
  16 jackals
  6 kobolds
  A quokka (D:4)
  2 ball pythons (D:1)
  10 bats
  7 frilled lizards
  3 goblin zombies (Ossuary)
  4 hobgoblin zombies (Ossuary)
  A jackal skeleton (D:4)
  5 jackal zombies
  A kobold zombie (Ossuary)
  2 orc zombies (Ossuary)
  3 quokka zombies (Ossuary)
  3 rats
  5 rat zombies
171 creatures vanquished.

Notes
Turn   | Place    | Note
-------+----------+-------------------------------------------
     0 | D:1      | dickylongcocking the Formicid Venom Mage began the quest
                  | for the Orb.
     0 | D:1      | Reached XP level 1. HP: 13/13 MP: 3/3
   263 | D:1      | Reached XP level 2. HP: 19/19 MP: 3/5
   615 | D:1      | Reached skill level 5 in Poison Magic
   951 | D:1      | Reached XP level 3. HP: 24/24 MP: 4/6
  1204 | D:2      | Learned a level 2 spell: Poisonous Vapours
  1208 | D:2      | Learned a level 3 spell: Ignite Poison
  1743 | D:2      | Reached skill level 6 in Poison Magic
  1773 | D:2      | Reached XP level 4. HP: 28/30 MP: 7/7
  3017 | D:3      | Noticed Robin
  3133 | D:2      | Killed Robin
  3480 | D:3      | Reached skill level 7 in Poison Magic
  3777 | D:3      | Noticed a centaur
  3781 | D:3      | Reached XP level 5. HP: 33/35 MP: 8/8
  4501 | D:2      | Gained mutation: You are weak. (Str -2) [potion of
                  | mutation]
  4501 | D:2      | Gained mutation: You are agile. (Dex +2) [potion of
                  | mutation]
  4510 | D:3      | Killed a centaur
  4511 | D:3      | Reached skill level 1 in Shields
  4511 | D:3      | Reached skill level 1 in Fire Magic
  4831 | D:3      | Noticed Terence
  4844 | D:3      | Killed Terence
  4845 | D:3      | Reached XP level 6. HP: 35/41 MP: 9/9
  5585 | D:3      | Found a glowing golden altar of the Shining One.
  5836 | D:3      | Reached skill level 1 in Armour
  6087 | D:4      | Reached XP level 7. HP: 45/46 MP: 10/10
  6440 | D:4      | Reached skill level 8 in Poison Magic
  6691 | D:4      | Learned a level 4 spell: Olgreb's Toxic Radiance
  7435 | D:5      | Entered Level 5 of the Dungeon
  7439 | D:5      | Noticed Sigmund
  7551 | D:5      | Killed Sigmund
  7552 | D:5      | Reached XP level 8. HP: 52/52 MP: 9/11
  7594 | D:5      | Found a sand-covered staircase.
  7630 | Ossuary  | Entered an ossuary
  7697 | Ossuary  | Reached skill level 5 in Transmutations
  7712 | Ossuary  | Reached skill level 9 in Poison Magic
  8769 | D:5      | Reached XP level 9. HP: 36/57 MP: 12/12
  9365 | D:5      | Noticed Duvessa
  9366 | D:5      | Found a bloodstained altar of Trog.
  9376 | D:5      | Killed Duvessa
  9377 | D:5      | Reached skill level 5 in Armour
  9391 | D:5      | Noticed Dowan
  9406 | D:5      | Killed from afar by Dowan

Illustrated notes

Levels and vault maps discovered:
D:1:      minmay_arrival_stair_chambers, layout_basic
D:2:      layout_basic
D:3:      layout_loops_ring, tso_altar, chequers_serial_rivers_small_a,
          minmay_pentangle, uniq_robin, uniq_terence
D:4:      layout_loops_corners
D:5:      layout_basic, nzn_overflow_gifts_of_might_and_magic,
          general_overflow_altar, nicolae_gozag_cash_rules_everything_around_me,
          minmay_temple_entry_large_hall, enter_ossuary_3,
          serial_co_window_serial, co_window_paths_b,
          co_window_of_opportunity_a, co_window_of_opportunity_a,
          co_window_paths_a, co_window_paths_a, co_window_2corner,
          co_window_of_opportunity_c, co_window_corner_b, co_window_2corner,
          co_window_corner_ca, co_window_cross_2, co_window_paths_e,
          glass_columns_a, glass_columns_c, glass_columns_b, glass_columns_a,
          glass_columns_b, uniq_sigmund

Skill      XL: |  1  2  3  4  5  6  7  8  9 |
---------------+----------------------------+-----
Poison Magic   | 5 6 7 8 9 |  9.8
Shields        | 1 2 |  2.4
Fire Magic     | 1 2 3 |  3.0
Transmutations | 2 4 5 6 |  6.1
Armour         | 1 3 4 5 |  5.2
Dodging        | |  1.7
Stealth        | |  2.4
Spellcasting   | |  2.1

Action                   |  1- 3 |  4- 6 |  7- 9 || total
-------------------------+-------+-------+-------++-------
Melee: Unarmed           |     1 |       |       ||     1
       Short sword       |    14 |       |       ||    14
       Dagger            |    15 |       |    91 ||   106
       Hand axe          |       |    31 |   189 ||   220
 Cast: Sting             |    57 |   123 |    20 ||   200
       Ignite Poison     |       |     7 |     9 ||    16
       Olgreb's Toxic Ra |       |       |     2 ||     2
  Use: Potion            |     1 |     2 |     5 ||     8
       Scroll            |       |     9 |     2 ||    11
 Stab: Sleeping          |     1 |     2 |     2 ||     5
Armor: Robe              |    10 |    17 |       ||    27
       Skin              |     7 |       |       ||     7
       Leather armour    |       |     5 |       ||     5
       Ring mail         |       |    12 |   128 ||   140
Dodge: Dodged            |    42 |    95 |   155 ||   292
Block: Buckler           |       |    22 |    70 ||    92

Table legend: (Time is in decaauts)
 A = Elapsed time spent in this place.
 B = Non-inter-level travel time spent in this place.
 C = Inter-level travel time spent in this place.
 D = Time resting spent in this place.
 E = Time spent auto-exploring this place.
 F = Levels seen in this place.
 G = Mean time per level.
                   A        B        C        D        E       F      G
               +--------+--------+--------+--------+--------+-----+--------+
         Total |   9484 |   9072 |    412 |   3046 |   4574 |   6 | 1580.7 |
       Dungeon |   8466 |   8054 |    412 |   2732 |   4169 |   5 | 1693.2 |
       Ossuary |   1018 |   1018 |      0 |    314 |    405 |   1 | 1018.0 |
               +--------+--------+--------+--------+--------+-----+--------+

Top non-repeatable levels by time:
     D:2: 3338 daAuts
     D:3: 1557 daAuts
     D:4: 1534 daAuts
     D:1: 1133 daAuts
 Ossuary: 1018 daAuts
     D:5: 902 daAuts
